Map: Nightshade LE

Players

Cyanine - Winner!

  • Race: Terran Terran
  • League: Grandmaster
  • Spawn Location: 11:00

A.I. 2 (Very Easy)

  • Race: Protoss Protoss
  • Spawn Location: 5:00

VOD

Have the link to the VOD?

Description

Time

  • Played on: March 24, 2020, 7:40 p.m.
  • Length: 8:36
Show
View Real Time Build Order
Export as new Build Order

Cyanine Terran - Winner!

Build Orders: Reaper Expand 

Get SALT Encoding   

  12  0:00  SCV  
  13  0:12  SCV  
  14  0:17  Supply Depot  
  14  0:24  SCV  
  15  0:39  SCV  
  15  0:40  Barracks  
  16  0:44  Refinery  
  16  0:51  SCV  
  17  1:03  SCV  
  18  1:15  SCV  
  19  1:27  Orbital Command, Reaper  
  20  1:38  Command Center  
  20  1:46  Supply Depot  
  20  1:53  SCV  
  21  1:59  Marine  
  22  2:05  SCV  
  22  2:08  Factory  
  23  2:13  Refinery  
  23  2:17  SCV  
  23  2:21  Barracks Reactor  
  24  2:29  SCV  
  25  2:41  SCV  
  26  2:51  Starport  
  26  2:53  Orbital Command  
  26  2:54  SCV  
  26  2:57  Marine x2, Widow Mine  
  31  3:07  SCV  
  32  3:15  Marine x2  
  32  3:19  SCV  
  35  3:26  Widow Mine  
  37  3:28  Barracks  
  37  3:29  SCV  
  37  3:31  Medivac, SCV  
  37  3:34  Barracks  
  41  3:35  Supply Depot  
  41  3:41  SCV  
  41  3:43  SCV  
  41  3:48  Widow Mine  
  45  3:55  SCV  
  46  3:56  SCV  
  46  3:57  Supply Depot  
  46  4:00  Engineering Bay  
  47  4:04  Starport Tech Lab  
  47  4:07  SCV  
  47  4:08  Refinery  
  47  4:09  Factory Tech Lab, SCV  
  49  4:17  Marine x2  
  49  4:19  SCV  
  49  4:21  SCV  
  53  4:31  Starport Reactor, SCV  
  53  4:33  Terran Infantry Weapons Level 1, Stimpack, SCV  
  53  4:34  Marine x2  
  53  4:37  Factory Reactor  
  53  4:38  Marine x2  
  58  4:40  Combat Shield  
  58  4:43  SCV  
  58  4:44  Supply Depot  
  58  4:45  SCV  
  61  4:55  SCV  
  61  4:56  Marauder  
  61  4:57  Marine x2  
  62  5:00  Refinery  
  62  5:01  Marauder  
  62  5:06  SCV  
  63  5:07  Supply Depot  
  63  5:08  SCV  
  63  5:12  Supply Depot  
  64  5:14  Widow Mine  
  64  5:15  Widow Mine  
  64  5:18  Marine, SCV  
  70  5:28  Marine  
  70  5:29  Medivac, Marauder  
  70  5:30  Medivac, Supply Depot  
  70  5:34  Marauder  
  70  5:35  Supply Depot, Marine  
  79  5:38  Widow Mine x2  
  79  5:41  SCV  
  85  5:52  Marauder  
  85  5:53  Supply Depot, Marine  
  85  5:54  Marine  
  85  5:55  Marauder  
  91  5:59  Supply Depot  
  91  6:01  Widow Mine x2  
  95  6:06  Medivac x2  
  95  6:07  SCV x2  
  101  6:11  Marine  
  101  6:15  Marauder, Marine  
  101  6:17  Marauder  
  107  6:26  Command Center  
  107  6:27  Concussive Shells  
  107  6:29  Marine  
  108  6:32  Marine  
  108  6:35  Barracks  
  108  6:37  Marauder, Barracks  
  111  6:45  SCV  
  111  6:46  SCV  
  113  6:52  Armory  
  113  6:53  Engineering Bay  
  113  6:57  Supply Depot x2  
  113  7:06  SCV x2  
  115  7:15  Marauder, Marine  
  117  7:18  Medivac x2, Marine  
  117  7:19  Marauder, Widow Mine  
  125  7:31  SCV x2  
  127  7:38  Orbital Command  
  127  7:39  Marine  
  127  7:40  Barracks Tech Lab, Barracks Reactor, Marine  
  127  7:43  SCV x2  
  131  7:49  Supply Depot  
  131  7:55  SCV  
  131  7:56  SCV  
  133  8:03  Supply Depot x2  
  133  8:04  Ghost Academy  
  133  8:05  SCV  
  133  8:08  Command Center, SCV x2  
  133  8:10  Refinery  
  133  8:11  Refinery  
  136  8:17  SCV  
  136  8:18  Marine x2  
  140  8:20  SCV x2  
Show
View Real Time Build Order
Export as new Build Order

A.I. 2 (Very Easy) Protoss 

Build Orders: 1 Gate Expand, Nexus First 

Get SALT Encoding   

  12  0:00  Probe  
  13  0:13  Probe  
  14  0:20  Pylon  
  14  0:43  Gateway  
  14  1:02  Nexus  
  14  1:21  Pylon  
  14  1:22  Zealot  
  14  1:24  Assimilator  
  16  1:38  Cybernetics Core  
  16  1:39  Probe  
  17  1:51  Probe  
  18  2:01  Probe  
  18  2:03  Assimilator  
  18  2:07  Stalker  
  19  2:09  Probe  
  20  2:18  Probe  
  23  2:24  Probe  
  23  2:27  Warp Gate  
  24  2:32  Probe  
  25  2:39  Probe  
  26  2:46  Pylon  
  26  2:47  Probe  
  27  2:54  Probe  
  28  3:00  Probe  
  29  3:08  Probe  
  29  3:11  Probe  
  30  3:15  Assimilator  
  31  3:23  Zealot, Probe  
  31  3:26  Probe  
  33  3:31  Robotics Facility  
  34  3:37  Probe  
  35  3:44  Probe  
  36  3:51  Probe  
  37  3:58  Probe  
  38  4:05  Probe  
  38  4:12  Observer  
  38  4:13  Probe  
  38  4:16  Probe  
  39  4:19  Assimilator  
  41  4:27  Probe  
  41  4:30  Sentry, Observer  
  44  4:35  Probe  
  46  4:42  Probe  
  47  4:46  Pylon  
  47  4:49  Probe  
  48  4:57  Probe  
  38  5:04  Probe  
  39  5:09  Probe  
  40  5:16  Probe  
  41  5:21  Probe  
  42  5:28  Probe  
  43  5:38  Zealot  
  43  5:40  Probe  
  46  5:47  Probe  
  47  5:54  Probe  
  48  6:01  Probe  
  49  6:08  Probe  
  50  7:14  Stalker  
  48  7:16  Probe, Pylon  
  42  7:29  Probe  
  22  7:37  Probe  
  22  7:43  Zealot  
  25  7:45  Probe  
  26  7:57  Probe  
  25  7:59  Pylon  
  18  8:17  Zealot  
Tags
 
Add a new tag
Caveats
  • Supply blocks, unpowered buildings, or Contaminate may cause inaccurate times.
  • Supply counts are checked every 10 seconds.